 Dungeon Crawl Stone Soup version 0.14-a0-1765-g49ce880 (webtiles) character file.

298 Medar the Chopper (level 5, -3/45 HPs)
             Began as a Lava Orc Chaos Knight on Jan 5, 2014.
             Was a Plaything of Xom.
             Slain by an orc priest
             ... wielding a -1,+0 orcish falchion
              (4 damage)
             ... on Level 3 of the Dungeon.
             The game lasted 00:07:28 (2712 turns).

Medar the Chopper (Lava Orc Chaos Knight)           Turns: 2712, Time: 00:07:28

HP  -3/45        AC 10     Str 16      XL: 5   Next: 31%
MP   5/5         EV 10     Int 12      God: Xom
Gold 121         SH  0     Dex 10      Spells:  0 memorised,  4 levels left

rFire  + . .     SeeInvis .     a - +0 war axe
rCold  . . .     Clarity  .     A - +0 orc ring mail
rNeg   . . .     Conserve .     (no shield)
rPois  .         rCorr    .     (no helmet)
rElec  .         rRot     .     (no cloak)
SustAb . .       Spirit   .     o - +0 pair of gloves
rMut   +         Warding  .     (no boots)
Saprov + . .     Stasis   .     j - amulet of resist mutation {unknown}
                                (no ring)
                                w - ring of flight

@: slightly resistant to hostile enchantments, extremely unstealthy
A: conserve scrolls, saprovore 1
a: Renounce Religion, Convert to Beogh, Evoke Flight


You were on level 3 of the Dungeon.
You worshipped Xom.
You were a beloved toy of Xom.
You were not hungry.

You visited 1 branch of the dungeon, and saw 4 of its levels.

You collected 121 gold pieces.

Inventory:

Hand weapons
 a - a +0,+0 war axe (weapon)
 B - a +0,+0 orcish hand axe of chaos
Missiles
 l - 16 poisoned needles
 x - 6 javelins (quivered)
Armour
 b - a +2 orcish leather armour
 o - a +0 pair of gloves (worn)
 A - a +0 orcish ring mail (worn)
Comestibles
 c - 3 meat rations
 r - 2 bread rations
 G - a pear
 J - a rotting chunk of rat flesh
Scrolls
 e - a scroll of magic mapping
 f - a scroll of immolation {unknown}
 h - a scroll of blinking {unknown}
 k - a scroll of teleportation {unknown}
 m - a scroll of identify {unknown}
 v - a scroll of noise
 y - a scroll of fog {unknown}
 z - a scroll of remove curse
 F - a scroll of enchant weapon II {unknown}
 H - a scroll of amnesia {unknown}
 I - a scroll of enchant weapon I {unknown}
Jewellery
 j - an amulet of resist mutation (around neck) {unknown}
 w - a ring of flight (left hand)
Potions
 d - a potion of heal wounds {unknown}
 g - a potion of restore abilities {unknown}
 i - 2 potions of flight
 n - a potion of speed {unknown}
 p - a potion of curing {unknown}
 q - a potion of invisibility {unknown}
 s - a potion of cure mutation {!q}
 u - a potion of might


   Skills:
 - Level 3.6 Fighting
 + Level 7.3 Axes
 - Level 2.1 Armour
 - Level 0.7 Dodging


You had 4 spell levels left.
You didn't know any spells.

Dungeon Overview and Level Annotations

Branches:
Dungeon (4/16)
 Temple: D:4-7

Altars:
Cheibriados
Trog


Innate Abilities, Weirdness & Mutations

You have stony skin.
Your flesh is heat resistant.
Your flesh is vulnerable to cold.
Your heat harms attackers.
You bathe your surroundings in blazing heat.
You are too hot to use scrolls.
You are very good at protecting items from fire.
You can tolerate rotten meat.


Message History

Something smites you!
You are too injured to fight recklessly!
You are too injured to fight recklessly!
You slash the orc priest!
The orc priest is heavily wounded.
The orc priest barely misses you.
You closely miss the orc priest.
The orc priest is heavily wounded.
The orc priest hits you with an orcish falchion.
You barely miss the orc priest.
The orc priest is heavily wounded.
The orc priest invokes the aid of Beogh against you.
Something smites you!
* * * LOW HITPOINT WARNING * * *
Xom is amused.
Drink which item? (? for menu, Esc to quit)
It has a very clean taste.
It was a potion of cure mutation.
Xom roars with laughter!
The orc priest hits you with an orcish falchion.
You die...

#.....................
#........##.............
.#####.#..###........###
..........###....#...#
.....................#
####......###........#
####......###....#..##
................o..[.# #
####(...#......#@#..)###.#
####...........#.#.......#
................>....###.##
#######........###........#
#........# #........#
##.......# #....)...#
######.## ##.####.##
#.....####.# .#
#.....'....# #


You could see an orc priest.

Vanquished Creatures
  An orc priest (D:3)
  An orc wizard (D:3)
  Terence (D:2)
  3 adders
  2 giant mites
  A worm (D:2)
  3 giant geckos
  An orc (D:4)
  4 bats
  2 giant cockroaches (D:1)
  6 hobgoblins
  A quokka (D:2)
  A ball python (D:3)
  5 giant newts
  11 goblins
  10 jackals
  3 kobolds
  9 rats
65 creatures vanquished.

Notes
Turn   | Place    | Note
--------------------------------------------------------------
     0 | D:1      | Medar, the Lava Orc Chaos Knight, began the quest for the Orb.
     0 | D:1      | Reached XP level 1. HP: 19/19 MP: 1/1
   141 | D:1      | Reached skill level 4 in Axes
   289 | D:1      | Reached XP level 2. HP: 26/26 MP: 2/2
   456 | D:1      | XOM: divination: magic mapping
   725 | D:1      | XOM: divination: detect creatures
   771 | D:1      | Reached skill level 5 in Axes
   856 | D:1      | Reached XP level 3. HP: 20/31 MP: 3/3
   990 | D:2      | XOM: potion effect (might)
  1006 | D:2      | XOM: divination: detect creatures
  1037 | D:2      | Noticed Terence
  1068 | D:2      | XOM: harmless Ice miscast
  1074 | D:2      | Killed Terence
  1329 | D:2      | Found a snail-covered altar of Cheibriados.
  1454 | D:2      | XOM: cast spell 'Flight'
  1610 | D:2      | Reached XP level 4. HP: 36/39 MP: 4/4
  1651 | D:2      | Reached skill level 6 in Axes
  1719 | D:2      | Found a bloodstained altar of Trog.
  1796 | D:2      | XOM: colour smoke trail
  1866 | D:2      | XOM: harmless Hex miscast
  1930 | D:2      | XOM: cast spell 'Spider Form'
  2256 | D:3      | XOM: harmless Chrm miscast
  2326 | D:3      | XOM: enchant monster (bad)
  2329 | D:3      | XOM: harmless Conj miscast
  2537 | D:3      | Reached skill level 7 in Axes
  2537 | D:3      | Reached XP level 5. HP: 31/45 MP: 5/5
  2711 | D:3      | HP: 1/45 [orc priest/divine providence (15)]
  2712 | D:3      | Slain by an orc priest

Action                   |  1- 3 |  4- 6 || total
-------------------------+-------+-------++-------
Melee: Hand axe          |   113 |    12 ||   125
       War axe           |       |    65 ||    65
  Use: Scroll            |     2 |     1 ||     3
       Potion            |     1 |     2 ||     3
